 Dungeon Crawl Stone Soup version 0.29-a0-838-g385bb11a5b (webtiles) character file.

Game seed: 4914375802975170684

69 spaghetti the Digger (level 4, 0/32 HPs)
             Began as a Gnoll Earth Elementalist on July 13, 2022.
             Slain by an orc
             ... wielding a +0 dagger
              (3 damage)
             ... on level 3 of the Dungeon.
             The game lasted 00:03:23 (2080 turns).

spaghetti the Digger (Gnoll Earth Elementalist)     Turns: 2080, Time: 00:03:24

Health: 0/32       AC:  2    Str:  8    XL:     4   Next: 20%
Magic:  1/11       EV: 13    Int: 16    God:
Gold:   57         SH:  0    Dex: 12    Spells: 9/13 levels left

rFire   . . .      SeeInvis .     - Unarmed
rCold   . . .      Faith    +   (no shield)
rNeg    . . .      Spirit   .   a - +0 robe
rPois   .          Reflect  .   (no helmet)
rElec   .          Harm     .   (no cloak)
rCorr   .          Rampage  .   (no gloves)
Will    .....                   (no boots)
Stlth   ++........              x - amulet of faith {!P}
HPRegen 0.10/turn               (no ring)
MPRegen 0.12/turn               (no ring)

@: no status effects
A: fangs 1, strong nose, distributed training
a: no special abilities


You were on level 3 of the Dungeon.
You visited 1 branch of the dungeon, and saw 3 of its levels.

You collected 57 gold pieces.


Innate Abilities, Weirdness & Mutations

You have very sharp teeth.
Your uncanny sense of smell can sniff out nearby items.
Your experience applies equally to all skills.


   Skills:
 + Level 1.1 Fighting
 + Level 1.1 Short Blades
 + Level 1.1 Long Blades
 + Level 1.1 Axes
 + Level 1.1 Maces & Flails
 + Level 1.1 Polearms
 + Level 1.1 Staves
 + Level 1.1 Ranged Weapons
 + Level 1.1 Throwing
 + Level 1.1 Armour
 + Level 4.6 Dodging
 + Level 4.2 Stealth
 + Level 1.1 Shields
 + Level 1.1 Unarmed Combat
 + Level 5.0 Spellcasting
 + Level 0.8 Conjurations
 + Level 0.8 Hexes
 + Level 0.8 Summonings
 + Level 0.8 Necromancy
 + Level 0.8 Translocations
 + Level 2.2 Transmutations
 + Level 0.8 Fire Magic
 + Level 0.8 Ice Magic
 + Level 0.8 Air Magic
 + Level 5.4 Earth Magic
 + Level 0.8 Poison Magic
 + Level 1.2 Invocations
 + Level 1.1 Evocations


You had 9 spell levels left.
You knew the following spells:

 Your Spells              Type           Power      Damage    Failure   Level
a - Sandblast             Erth           42%        2d11      1%          1
b - Stone Arrow           Conj/Erth      28%        3d8       12%         3

Your spell library contained the following spells:

 Spells                   Type           Power      Damage    Failure   Level
 Passwall                 Tmut/Erth      13%        N/A       4%          2
 Petrify                  Tmut/Erth      16%        N/A       30%         4

Inventory:

Hand Weapons
 j - a +0 club {mace}
   (You took it off a goblin on level 1 of the Dungeon)
 k - a +0 club {mace}
   (You found it on level 1 of the Dungeon)
 l - a +0 mace {mace}
   (You found it on level 1 of the Dungeon)
 m - a +0 club {mace}
   (You found it on level 1 of the Dungeon)
 n - a +0 dagger {short}
   (You found it on level 1 of the Dungeon)
 o - a +0 dagger {short}
   (You took it off a kobold on level 2 of the Dungeon)
 s - a +0 sling
   (You took it off a goblin on level 2 of the Dungeon)
 t - a +0 dagger {short}
   (You took it off a goblin on level 2 of the Dungeon)
 v - a +0 club {mace}
   (You took it off a goblin on level 2 of the Dungeon)
 z - a +0 spear {polearm}
   (You found it on level 2 of the Dungeon)
 C - a +0 short sword {short}
   (You took it off a kobold on level 3 of the Dungeon)
Missiles
 g - 38 stones {throwing}
Armour
 a - a +0 robe (worn)
Jewellery
 x - an amulet of faith (around neck) {!P}
   (You found it on level 2 of the Dungeon)
Scrolls
 d - a scroll of identify {unknown}
 e - 2 scrolls of blinking {unknown}
 f - a scroll of noise {unknown}
 q - a scroll of vulnerability {unknown}
 u - a scroll of immolation {unknown}
 w - a scroll of torment {unknown}
 y - a scroll of teleportation {unknown}
 A - a scroll of summoning {unknown}
 B - a scroll of fear {unknown}
Potions
 b - a potion of magic
 c - a potion of berserk rage {unknown}
 h - 2 potions of curing {unknown}
 i - a potion of heal wounds {unknown}
 p - a potion of mutation {unknown}
 r - a potion of attraction {unknown}

Dungeon Overview and Level Annotations

Branches:
Dungeon (3/15) Zot: 15846

Altars:

Shops:
D:3

* ∆#...............#
###.####.#.##.### #.#
#.#.##.# #.#
#.#...†###### #.#
#....#.....### #.#
#......##..###
#.###.....###....#.+
#####..o#........∩.....#
#......@o.........######
#...#.###w#...#.##..###
.. ... #.#...#.##...##
### .>#$..####...# ... ∆
# ##..# #.## .... #!
#.## #.


You could see a worm and 2 orcs.


Message History

Aiming: Sandblast (safe; 1% risk of failure)
Press: ? - help, Shift-Dir - straight line, f/p - orc
Aim: an orc, wielding a +0 club and wearing a +0 robe (81% to hit)
The blast of sand misses the orc.
The blast of sand hits the orc.
The orc barely misses you. 😕 MP[-1]
You lost 1 mp, and now have 7/11 mp.
Casting: Sandblast (safe; 1% risk of failure)
Confirm with . or Enter, or press ? or * to list all spells.
Aiming: Sandblast (safe; 1% risk of failure)
Press: ? - help, Shift-Dir - straight line, f/p - orc
Aim: an orc, wielding a +0 club and wearing a +0 robe (81% to hit)
The blast of sand hits the orc.
The orc hits you with a +0 club. The orc barely misses you. x2
Casting: Sandblast (safe; 1% risk of failure)
Confirm with . or Enter, or press ? or * to list all spells.
Aiming: Sandblast (safe; 1% risk of failure)
Press: ? - help, Shift-Dir - straight line, f/p - orc
Aim: an orc, wielding a +0 club and wearing a +0 robe (moderately wounded, 81% to hit)
The blast of sand hits the orc!
You kill the orc!
The orc hits you but does no damage. The orc misses you.
The orc hits you with a +0 dagger.
The orc barely misses you. 😕 HP[-1] MP[-1]
You take 1 damage, and now have 27/32 hp.
You lost 1 mp, and now have 6/11 mp.
Casting: Sandblast (safe; 1% risk of failure)
Confirm with . or Enter, or press ? or * to list all spells.
Aiming: Sandblast (safe; 1% risk of failure)
Press: ? - help, Shift-Dir - straight line, f - orc
Aim: an orc, wielding a +0 hand axe and wearing a +0 chain mail (heavily wounded, 86% to hit)
The blast of sand hits the orc but does no damage.
The orc misses you. The orc closely misses you.
A worm comes into view.
The orc barely misses you. The orc closely misses you. 😕 MP[-1]
You lost 1 mp, and now have 5/11 mp.
Casting: Sandblast (safe; 1% risk of failure)
Confirm with . or Enter, or press ? or * to list all spells.
Aiming: Sandblast (safe; 1% risk of failure)
Press: ? - help, Shift-Dir - straight line, f/p - orc
Aim: an orc, wielding a +0 hand axe and wearing a +0 chain mail (moderately wounded, 86% to hit)
The blast of sand hits the orc but does no damage.
The orc closely misses you. The orc hits you with a +0 hand axe.
The orc misses you.
The orc hits you with a +0 hand axe. 😮 HP[-3] MP[-1]
You take 3 damage, and now have 24/32 hp.
You lost 1 mp, and now have 4/11 mp.
Casting: Sandblast (safe; 1% risk of failure)
Confirm with . or Enter, or press ? or * to list all spells.
Aiming: Sandblast (safe; 1% risk of failure)
Press: ? - help, Shift-Dir - straight line, f/p - orc
Aim: an orc, wielding a +0 hand axe and wearing a +0 chain mail (moderately wounded, 86% to hit)
The blast of sand hits the orc but does no damage.
The orc hits you with a +0 dagger. The orc closely misses you.
The orc hits you with a +0 hand axe.
The orc hits you but does no damage. 😮 HP[-6]
You take 6 damage, and now have 18/32 hp.
Casting: Sandblast (safe; 1% risk of failure)
Confirm with . or Enter, or press ? or * to list all spells.
Aiming: Sandblast (safe; 1% risk of failure)
Press: ? - help, Shift-Dir - straight line, f/p - orc
Aim: an orc, wielding a +0 hand axe and wearing a +0 chain mail (lightly wounded, 86% to hit)
The blast of sand hits the orc but does no damage.
The orc hits you with a +0 dagger.
* * * LOW HITPOINT WARNING * * *
The orc hits you with a +0 hand axe.
* * * LOW HITPOINT WARNING * * *
The worm barely misses you. The orc completely misses you.
The orc barely misses you. 😨 HP[-3] MP[-1]
You take 3 damage, and now have 15/32 hp.
You lost 1 mp, and now have 3/11 mp.
Casting: Sandblast (safe; 1% risk of failure)
Confirm with . or Enter, or press ? or * to list all spells.
Aiming: Sandblast (safe; 1% risk of failure)
Press: ? - help, Shift-Dir - straight line, f/p - orc
Aim: an orc, wielding a +0 hand axe and wearing a +0 chain mail (lightly wounded, 86% to hit)
The blast of sand hits the orc but does no damage.
The orc misses you. The orc hits you with a +0 dagger.
* * * LOW HITPOINT WARNING * * *
The worm barely misses you. The orc closely misses you.
The orc hits you with a +0 hand axe.
* * * LOW HITPOINT WARNING * * *
😨 HP[-6] MP[-1]
You take 6 damage, and now have 9/32 hp.
You lost 1 mp, and now have 2/11 mp.
Casting: Sandblast (safe; 1% risk of failure)
Confirm with . or Enter, or press ? or * to list all spells.
Aiming: Sandblast (safe; 1% risk of failure)
Press: ? - help, Shift-Dir - straight line, f/p - orc
Aim: an orc, wielding a +0 hand axe and wearing a +0 chain mail (lightly wounded, 86% to hit)
The blast of sand hits the orc.
The orc hits you with a +0 dagger.
* * * LOW HITPOINT WARNING * * *
The orc hits you with a +0 hand axe.
* * * LOW HITPOINT WARNING * * *
The worm bites you.
* * * LOW HITPOINT WARNING * * *
The orc barely misses you. The orc hits you with a +0 dagger.
You die...

Skill      XL: |  1  2  3 |
---------------+----------+-----
Transmutations | 2 |  2.2
Spellcasting   | 5 |  5.0
Invocations    | 1 |  1.2
Fighting       | 1 |  1.1
Short Blades   | 1 |  1.1
Long Blades    | 1 |  1.1
Axes           | 1 |  1.1
Maces & Flails | 1 |  1.1
Polearms       | 1 |  1.1
Staves         | 1 |  1.1
Ranged Weapons | 1 |  1.1
Throwing       | 1 |  1.1
Armour         | 1 |  1.1
Shields        | 1 |  1.1
Unarmed Combat | 1 |  1.1
Evocations     | 1 |  1.1
Dodging        | |  4.6
Stealth        | |  4.2
Conjurations   | |  0.8
Hexes          | |  0.8
Summonings     | |  0.8
Necromancy     | |  0.8
Translocations | |  0.8
Fire Magic     | |  0.8
Ice Magic      | |  0.8
Air Magic      | |  0.8
Earth Magic    | |  5.4
Poison Magic   | |  0.8

Action                   |  1- 3 |  4- 6 || total
-------------------------+-------+-------++-------
Melee: Unarmed           |     2 |       ||     2
 Cast: Sandblast         |    42 |    23 ||    65
 Stab: Sleeping          |     1 |       ||     1
Armor: Robe              |    10 |     4 ||    14
Dodge: Dodged            |    21 |    26 ||    47

Levels and vault maps discovered:
D:1:      minmay_arrival_wavy_path, layout_basic
D:2:      cheibrodos_old_hovel, layout_basic, serial_bayou_lagoon_a
D:3:      layout_loops_ring, serial_shops, nicolae_shop_crystal,
          nicolae_shop_hallway_stairs, shop, nicolae_square_shop,
          nicolae_shop_window_shopping, gammafunk_ghost_mausoleum,
          hangedman_decor_diamond_cutter, uniq_ijyb, uniq_grinder

Notes
Turn   | Place    | Note
-------+----------+-------------------------------------------
     0 | D:1      | spaghetti the Gnoll Earth Elementalist began the quest for
                  | the Orb.
     0 | D:1      | Reached XP level 1. HP: 13/13 MP: 6/6
     0 | D:1      | magus.rc [v1.9.6]
   159 | D:1      | Reached skill level 2 in Transmutations
   191 | D:1      | Reached XP level 2. HP: 19/19 MP: 5/7
   711 | D:1      | Reached skill level 5 in Spellcasting
   711 | D:1      | Reached XP level 3. HP: 25/25 MP: 6/9
   833 | D:1      | Learned a level 3 spell: Stone Arrow
  1105 | D:2      | Reached skill level 1 in Invocations
  1173 | D:2      | Reached skill level 1 in Fighting
  1173 | D:2      | Reached skill level 1 in Short Blades
  1173 | D:2      | Reached skill level 1 in Long Blades
  1173 | D:2      | Reached skill level 1 in Axes
  1173 | D:2      | Reached skill level 1 in Maces & Flails
  1173 | D:2      | Reached skill level 1 in Polearms
  1173 | D:2      | Reached skill level 1 in Staves
  1173 | D:2      | Reached skill level 1 in Ranged Weapons
  1173 | D:2      | Reached skill level 1 in Throwing
  1173 | D:2      | Reached skill level 1 in Armour
  1173 | D:2      | Reached skill level 1 in Shields
  1173 | D:2      | Reached skill level 1 in Unarmed Combat
  1173 | D:2      | Reached skill level 1 in Evocations
  1545 | D:2      | Reached XP level 4. HP: 32/32 MP: 9/11
  1973 | D:3      | Found Omonk's Assorted Antiques.
  2080 | D:3      | HP: 8/32 [orc/+0 dagger (1)]
  2080 | D:3      | HP: 3/32 [worm (3)]
  2080 | D:3      | Slain by an orc

Vanquished Creatures
  2 adders (D:2)
  A worm (D:2)
  A dart slug (D:1)
  2 orcs (D:3)
  4 ball pythons
  5 bats
  4 endoplasms
  4 giant cockroaches
  3 goblins
  3 hobgoblins (D:1)
  2 jackals (D:1)
  2 quokkas
  2 kobolds
  4 rats
39 creatures vanquished.

Vanquished Creatures (others)
  25 plants (D:2)
25 creatures vanquished.

Grand Total: 64 creatures vanquished

Table legend:
 A = Non-vault XP
 B = Vault XP
 C = Vault XP percentage of total XP
 D = Non-vault monster count
 E = Vault monster count
 F = Vault count percentage of total count
                 A         B        C        D         E       F
            +---------+---------+-------+---------+---------+-------
      Total |      86 |      13 |  13.1 |      38 |       1 |   2.6
            +---------+---------+-------+---------+---------+-------
        D:1 |      35 |       0 |   0.0 |      18 |       0 |   0.0
        D:2 |      41 |      13 |  24.1 |      16 |       1 |   5.9
        D:3 |      10 |       0 |   0.0 |       4 |       0 |   0.0
            +---------+---------+-------+---------+---------+-------

Illustrated notes

Table legend:
 A = Kills in this place as a percentage of kills in entire the game.
 B = Kills by you in this place as a percentage of kills by you in the entire game.
 C = Kills by friends in this place as a percentage of kills by friends in the entire game.
 D = Other kills in this place as a percentage of other kills in the entire game.
 E = Experience gained in this place as a percentage of experience gained in the entire game.
 F = Experience gained in this place divided by the number of levels of this place that you have seen.
                   A       B       C       D       E      F
               +-------+-------+-------+-------+-------+----------------------
         Total | 100.0 | 100.0 |   N/A |   N/A | 100.0 |  33.0
       Dungeon | 100.0 | 100.0 |   N/A |   N/A | 100.0 |  33.0
               +-------+-------+-------+-------+-------+----------------------

Table legend: (Time is in decaauts)
 A = Elapsed time spent in this place.
 B = Non-inter-level travel time spent in this place.
 C = Inter-level travel time spent in this place.
 D = Time resting spent in this place.
 E = Time spent auto-exploring this place.
 F = Levels seen in this place.
 G = Mean time per level.
                   A        B        C        D        E       F      G
               +--------+--------+--------+--------+--------+-----+--------+
         Total |   2151 |   2083 |     68 |      0 |   1800 |   3 |  717.0 |
       Dungeon |   2151 |   2083 |     68 |      0 |   1800 |   3 |  717.0 |
               +--------+--------+--------+--------+--------+-----+--------+

Top non-repeatable levels by time:
     D:2: 1176 daAuts
     D:1: 874 daAuts
     D:3: 100 daAuts
